 Dungeon Crawl Stone Soup version 0.29.0-3-gbb0933ed62 (webtiles) character file.

Game seed: 7919128999224260805

597 keekatzer the Ruffian (level 7, 0/65 HPs)
             Began as a Troll Transmuter on Aug 26, 2022.
             Slain by Duvessa
             ... wielding a +0 short sword
              (2 damage)
             ... on level 5 of the Dungeon.
             The game lasted 00:20:24 (3389 turns).

keekatzer the Ruffian (Troll Transmuter)            Turns: 3389, Time: 00:20:25

Health: 0/65       AC: 10    Str: 19    XL:     7   Next: 17%
Magic:  5/9        EV: 10    Int: 11    God:
Gold:   221        SH:  0    Dex: 10    Spells: 4/10 levels left

rFire   . . .      SeeInvis .     - Unarmed
rCold   . . .      Faith    .   (no shield)
rNeg    + . .      Spirit   .   a - +0 robe
rPois   .          Reflect  .   (helmet restricted)
rElec   .          Harm     .   y - +0 cloak
rCorr   .          Rampage  .   (gloves unavailable)
Will    .....                   (boots unavailable)
Stlth   +.........              (no amulet)
HPRegen 1.00/turn               j - ring of positive energy
MPRegen 0.11/turn               (no ring)

@: ice-armoured
A: large, unfitting armour, claws 3, regeneration 1, shaggy fur 1, tough skin 1
a: no special abilities


You were on level 5 of the Dungeon.
You visited 1 branch of the dungeon, and saw 5 of its levels.

You collected 221 gold pieces.

Inventory:

Hand Weapons
 p - a +0 battleaxe
Missiles
 v - a throwing net
Armour
 a - a +0 robe (worn)
 y - a +0 cloak (worn)
Jewellery
 j - a ring of positive energy (left claw)
 t - a ring of positive energy
Wands
 s - a wand of flame (1)
 B - a wand of polymorph (2)
Scrolls
 d - a scroll of butterflies {unknown}
 e - 3 scrolls of teleportation
 f - a scroll of enchant weapon {unknown}
 g - a scroll of silence {unknown}
 h - 3 scrolls of identify
 i - a scroll of magic mapping {unknown}
 m - 2 scrolls of blinking {unknown}
 o - 2 scrolls of amnesia {unknown}
 q - a scroll of poison {unknown}
 u - 2 scrolls of torment {unknown}
 w - a scroll of noise {unknown}
 x - a scroll of enchant armour {unknown}
 A - 3 scrolls of immolation {unknown}
Potions
 b - 2 potions of lignification
 c - 4 potions of attraction {unknown}
 k - 3 potions of magic {unknown}
 l - a potion of ambrosia {unknown}
 n - 4 potions of curing {unknown}
 r - a potion of flight {unknown}
 z - a potion of might {unknown}


   Skills:
 * Level 2.2 Fighting
 + Level 2.7 Dodging
 + Level 5.2 Unarmed Combat
 * Level 2.2 Spellcasting
 * Level 2.6 Transmutations
 * Level 1.6 Ice Magic


You had 4 spell levels left.
You knew the following spells:

 Your Spells              Type           Power      Damage    Failure   Level
a - Beastly Appendage     Tmut           12%        N/A       10%         1
b - Wereblood             Tmut           6%         N/A       14%         2
c - Ozocubu's Armour      Ice            4%         N/A       41%         3

Your spell library contained the following spells:

 Spells                   Type           Power      Damage    Failure   Level
 Static Discharge         Conj/Air       2%         3-4/arc   41%         2
 Spider Form              Tmut/Pois      4%         N/A       45%         3
 Dazzling Flash           Conj/Hex       2%         N/A       65%         3
 Ice Form                 Ice/Tmut       5%         N/A       75%         4
 Dispel Undead            Necr           1%         3d6       96%         4
 Iskenderun's Mystic Bla  Conj/Tloc      1%         2d3       96%         4
 Sticky Flame             Conj/Fire      1%         2d3       96%         4
 Starburst                Conj/Fire      0%         6d3       100%        6
 Ozocubu's Refrigeration  Ice            2%         4d7       100%        7


Dungeon Overview and Level Annotations

Branches:
Dungeon (5/15)
 Temple: D:4-7

Altars:
Uskayaw
Wu Jian
Xom

Shops:
D:1 !

Annotations:
D:5 Duvessa


Innate Abilities, Weirdness & Mutations

You are too large for most types of armour.
You have claws for hands.
Your natural rate of healing is unusually fast.
You are covered in fur. (AC +1)
You have tough skin. (AC +1)


Message History

You scratch Duvessa.
Duvessa is lightly wounded.
Duvessa hits you with a +0 short sword. x2
You closely miss Duvessa.
Duvessa is lightly wounded.
Duvessa hits you with a +0 short sword!
* * * LOW HITPOINT WARNING * * *
Aiming: Polymorph
Press: ? - help, Shift-Dir - straight line, f - Duvessa
Aim: Duvessa, wielding a +0 short sword and wearing a +0 leather armour (lightly wounded, berserk, will become a steam dragon, a basilisk, or a gnoll, chance to affect: 31%)
Okay, then.
Unknown command.
As you read the scroll labelled GYESOILOUL, it crumbles to dust.
It is a scroll of identify.
e - 3 scrolls of teleportation Duvessa hits you with a +0 short sword!
* * * LOW HITPOINT WARNING * * *
Duvessa hits you with a +0 short sword.
* * * LOW HITPOINT WARNING * * *
Aiming: Polymorph
Press: ? - help, Shift-Dir - straight line, f - Duvessa
Aim: Duvessa, wielding a +0 short sword and wearing a +0 leather armour (lightly wounded, berserk, will become a steam dragon, a basilisk, or a gnoll, chance to affect: 31%) Duvessa easily resists.
Duvessa barely misses you.
Aiming: Polymorph
Press: ? - help, Shift-Dir - straight line, f/p - Duvessa
Aim: Duvessa, wielding a +0 short sword and wearing a +0 leather armour (lightly wounded, berserk, will become a steam dragon, a basilisk, or a gnoll, chance to affect: 31%) Duvessa easily resists.
Duvessa hits you with a +0 short sword.
* * * LOW HITPOINT WARNING * * *
Duvessa hits you but does no damage.
Aiming: Polymorph
Press: ? - help, Shift-Dir - straight line, f/p - Duvessa
Aim: Duvessa, wielding a +0 short sword and wearing a +0 leather armour (lightly wounded, berserk, will become a steam dragon, a basilisk, or a gnoll, chance to affect: 31%) Duvessa easily resists.
Duvessa hits you with a +0 short sword.
* * * LOW HITPOINT WARNING * * *
Aiming: Polymorph
Press: ? - help, Shift-Dir - straight line, f/p - Duvessa
Aim: Duvessa, wielding a +0 short sword and wearing a +0 leather armour (lightly wounded, berserk, will become a steam dragon, a basilisk, or a gnoll, chance to affect: 31%) Duvessa easily resists.
Duvessa barely misses you. Duvessa hits you with a +0 short sword.
You die...

#........##...............#.
##..#...##..####.........###
#.....)##..###..........##
#.........###............##
##......#...................
#.......#...................
#..#................####.(..
##.#...)..e.........####....
..........#@.........##.....
........e.#..........##.....
.........#.##................
..#......####################
###......# ♣♣♣♣♣ ♣♣♣~~~#....
#......# ♣.PP♣♣♣...~~#....
#...... ♣♣P..♣♣.(..♣ #....
##..... ♣..........♣ ###'#
...... ♣♣........PP♣♣##...


You could see Duvessa (berserk).

Vanquished Creatures
  A phantom (D:5)
  2 scorpions
  A jelly (D:4)
  Dowan (D:5)
  A hound (D:4)
  An iguana (D:5)
  11 gnolls
  5 adders
  2 worms
  2 dart slugs
  2 orcs (D:3)
  6 bats
  2 endoplasms (D:1)
  5 giant cockroaches
  14 goblins
  6 hobgoblins
  6 jackals
  6 quokkas
  5 ball pythons
  4 frilled lizards
  8 kobolds
  3 rats
94 creatures vanquished.

Notes
Turn   | Place    | Note
-------+----------+-------------------------------------------
     0 | D:1      | keekatzer the Troll Transmuter began the quest for the Orb.
     0 | D:1      | Reached XP level 1. HP: 18/18 MP: 1/1
    38 | D:1      | Found Kiuxit's Distillery.
    80 | D:1      | Reached XP level 2. HP: 26/26 MP: 2/2
   103 | D:1      | Noticed a golden eye
   115 | D:1      | Found a faded altar of an unknown god.
   123 | D:1      | Noticed a great orb of eyes
   123 | D:1      | Noticed a shining eye
   123 | D:1      | Noticed a floating eye
   189 | D:1      | Reached XP level 3. HP: 32/32 MP: 4/4
   192 | D:1      | Learned a level 2 spell: Wereblood
   300 | D:1      | Reached skill level 1 in Fighting
   899 | D:2      | Reached XP level 4. HP: 41/41 MP: 3/5
  1011 | D:2      | Reached skill level 4 in Unarmed Combat
  1145 | D:2      | Reached XP level 5. HP: 16/48 MP: 6/6
  1702 | D:3      | Noticed an ogre
  1713 | D:3      | Found a shimmering altar of Xom.
  1728 | D:3      | Found a hide-covered altar of Uskayaw.
  2244 | D:4      | Reached skill level 1 in Ice Magic
  2578 | D:4      | Reached XP level 6. HP: 34/57 MP: 7/7
  3011 | D:4      | Learned a level 3 spell: Ozocubu's Armour
  3046 | D:5      | Entered Level 5 of the Dungeon
  3083 | D:5      | Reached skill level 5 in Unarmed Combat
  3089 | D:5      | Reached XP level 7. HP: 59/65 MP: 9/9
  3179 | D:5      | Noticed Dowan
  3202 | D:5      | Killed Dowan
  3229 | D:5      | Found an ornate altar of the Wu Jian Council.
  3368 | D:5      | Noticed Duvessa
  3388 | D:5      | HP: 1/65 [Duvessa/+0 short sword (6)]
  3389 | D:5      | Slain by Duvessa

Illustrated notes

Levels and vault maps discovered:
D:1:      heliophobic_arrival_henge, layout_basic, serial_shops, shop,
          hellmonk_ecumenical_altar_watching_god
D:2:      layout_basic
D:3:      layout_rooms, mainiacjoe_overflow_catch_the_wave,
          lemuel_coloured_pillars_altar, minmay_box_of_dots
D:4:      nicolae_BIG_FREAKIN_CUBE, layout_basic, minmay_goblin_outpost
D:5:      layout_cave_pools, nicolae_overflow_hidden_temple,
          nicolae_zen_rock_garden, uniq_crazy_yiuf_cottage, uniq_duvessa

Skill      XL: |  1  2  3  4  5  6 |
---------------+-------------------+-----
Fighting       | 1 2 |  2.2
Dodging        | 2 |  2.7
Unarmed Combat | 4 5 |  5.2
Transmutations | 2 |  2.6
Ice Magic      | 1 |  1.6
Spellcasting   | 2 |  2.2

Action                   |  1- 3 |  4- 6 |  7- 9 || total
-------------------------+-------+-------+-------++-------
Melee: Unarmed           |   106 |   149 |    25 ||   280
       Headbutt          |     3 |    11 |       ||    14
       Kick              |     1 |    25 |       ||    26
       Punch             |     1 |     3 |     1 ||     5
 Cast: Beastly Appendage |     6 |    13 |     2 ||    21
       Wereblood         |       |     2 |       ||     2
       Ozocubu's Armour  |       |       |     2 ||     2
Evoke: Wand              |       |       |     4 ||     4
  Use: Scroll            |       |       |     1 ||     1
Armor: Robe              |    46 |    49 |     3 ||    98
       Skin              |       |       |     2 ||     2
Dodge: Dodged            |    45 |    81 |    13 ||   139
